 Dungeon Crawl Stone Soup version 0.30-a0-1043-g60ff8d5f49 (webtiles) character file.

Game seed: 5526860991681323513

1628 demibob the Spear-Bearer (level 8, -13/56 HPs)
             Began as a Demonspawn Gladiator on Apr 9, 2023.
             Was a Priest of Vehumet.
             Killed from afar by a steam dragon (14 damage)
             ... with a ball of steam
             ... on level 6 of the Dungeon.
             The game lasted 00:09:59 (6011 turns).

demibob the Spear-Bearer (Demonspawn Gladiator)     Turns: 6011, Time: 00:09:59

Health: -13/56     AC:  4    Str: 16 (17) XL:     8   Next: 65%
Magic:  8/8        EV: 12    Int:  8 (9)  God:    Vehumet [***...]
Gold:   99         SH:  5    Dex: 12 (15) Spells: 1/7 levels left

rFire   . . .      SeeInvis .    a - +1 trident
rCold   . . .      Faith    .    (no shield)
rNeg    + . .      Spirit   .    b - +0 leather armour
rPois   .          Reflect  +    u - +1 hat
rElec   .          Rampage  .    (no cloak)
rCorr   .                        (no gloves)
Will    .....                    (no boots)
Stlth   +                        s - amulet of reflection
HPRegen 0.29/turn                L - ring of flight
MPRegen 0.11/turn                N - ring of positive energy

@: flying
A: claws 2, demonic guardian 1, sturdy frame 2
a: Renounce Religion


You were on level 6 of the Dungeon.
You worshipped Vehumet.
Vehumet was most pleased with you.
You visited 1 branch of the dungeon, and saw 6 of its levels.

You collected 411 gold pieces.
You spent 312 gold pieces at shops.


Innate Abilities, Weirdness & Mutations

You have very sharp fingernails.
A weak demonic guardian rushes to your aid.
Your movements are less encumbered by armour. (ER -4)


   Skills:
 - Level 2.0 Fighting
 + Level 8.3 Polearms
 - Level 1.7 Throwing
 - Level 2.6 Dodging
 + Level 2.7 Air Magic
 - Level 1.6 Earth Magic
 - Level 5.4 Poison Magic


You had one spell level left.
You knew the following spells:

 Your Spells              Type           Power      Damage    Failure   Level
m - Mephitic Cloud        Conj/Pois/Air  4%         N/A       12%         3
p - Poisonous Vapours     Pois/Air       12%        N/A       3%          2
z - Sandblast             Erth           4%         2d4       6%          1

Your spell library contained the following spells:

 Spells                   Type           Power      Damage    Failure   Level
 Stone Arrow              Conj/Erth      2%         3d7       24%         3
 Slow                     Hex            0%         N/A       41%         1
 Frozen Ramparts          Ice            0%         1d1       32%         3
 Confusing Touch          Hex            0%         N/A       78%         3
 Vampiric Draining        Necr           0%         2d6       78%         3
 Freezing Cloud           Conj/Ice/Air   0%         6-21      88%         5
 Ice Form                 Ice/Tmut       0%         N/A       99%         4
 Summon Ice Beast         Ice/Summ       0%         N/A       99%         4

Inventory:

Hand Weapons
 a - a +1 trident (weapon)
Missiles
 d - 3 throwing nets (quivered) {=f}
 e - 3 javelins
Armour
 b - a +0 leather armour (worn)
 c - a +0 helmet
 u - a +1 hat (worn)
Jewellery
 o - an amulet of magic regeneration
 s - an amulet of reflection (around neck)
 C - a ring of protection from cold
 F - a ring of fire
 L - a ring of flight (left claw)
 N - a ring of positive energy (right claw)
 Z - a ring of wizardry
Wands
 j - a wand of mindburst (4)
 t - a wand of flame (17)
Scrolls
 p - a scroll of poison
 q - a scroll of fear
 v - a scroll of amnesia
 x - a scroll of teleportation {@r2}
Potions
 g - a potion of haste {@q3}
 h - a potion of curing {@q1}
 i - 2 potions of invisibility
 k - a potion of magic
 l - 2 potions of might
 m - a potion of attraction
 n - 3 potions of flight
 w - a potion of degeneration

Dungeon Overview and Level Annotations

Branches:
Dungeon (6/15)
 Temple: D:4-7

Altars:
Ashenzari
Cheibriados
Ru
Vehumet

Shops:
D:6 :

Annotations:
D:4 3 runed translucent doors, Edmund; Sleet's ghost, novice OgBe

###.##### #
#.# #. ▒▒▒▒ #.
▒▒..▒▒ #.####
▒....▒ ....#
##▒▒.⌠.⚑▒
##.#.#
#.▒.....▒
####....####.#
'.▒....▒▒
+.............
#.'...⌠▒
#..@.#
##▒....▒▒
##.#§# ▒.....▒
###§## ▒▒.⌠.⚑▒
#§.# ▒....▒
##§# ▒▒..▒▒
#D# ▒▒▒▒ #.# #
##.## #.#
####...## #.#


There were no monsters in sight!


Message History

You completely miss the steam dragon.
The steam dragon is lightly wounded.
You are engulfed in a cloud of scalding steam.
The steam dragon closely misses you. You block the steam dragon's attack.
You are engulfed in a cloud of scalding steam.
The steam dragon bites you. The steam dragon claws you.
* * * LOW HITPOINT WARNING * * *
Okay, then.
Blink to where?
Press: ? - help, Dir - move target, p - steam dragon
As you read the scroll of blinking, it crumbles to dust.
The steam dragon breathes steam at you. The ball of steam hits you!
* * * LOW HITPOINT WARNING * * *
You are engulfed in a cloud of scalding steam.
* * * LOW HITPOINT WARNING * * *
A demonic guardian appears!
You feel better.
You are engulfed in a cloud of scalding steam.
* * * LOW HITPOINT WARNING * * *
Your shadow imp is engulfed in a cloud of scalding steam.
You are engulfed in a cloud of scalding steam.
* * * LOW HITPOINT WARNING * * *
Your shadow imp is engulfed in a cloud of scalding steam.
The steam dragon breathes steam at you.
The ball of steam hits your shadow imp!!
Your shadow imp dies!
Your shadow imp disappears in a puff of smoke!
The ball of steam hits you!
You die...

Skill      XL: |  1  2  3  4  5  6  7  8 |
---------------+-------------------------+-----
Polearms       | 3 4 5 6 7 8 |  8.3
Earth Magic    | 1 |  1.6
Poison Magic   | 1 3 4 5 |  5.4
Air Magic      | 2 |  2.7
Fighting       | |  2.0
Throwing       | |  1.7
Dodging        | |  2.6

Action                     |  1- 3 |  4- 6 |  7- 9 || total
---------------------------+-------+-------+-------++-------
  Melee: Trident           |   104 |   274 |   186 ||   564
         Punch             |       |     8 |     1 ||     9
   Cast: Poisonous Vapours |       |     2 |     2 ||     4
  Evoke: Wand              |       |     5 |     9 ||    14
    Use: Scroll            |     5 |     9 |     5 ||    19
         Potion            |       |       |     3 ||     3
   Stab: Sleeping          |       |     2 |     2 ||     4
 Armour: Leather armour    |    16 |    35 |    21 ||    72
  Dodge: Dodged            |    58 |    73 |    61 ||   192
  Block: Other             |       |    27 |    32 ||    59

Levels and vault maps discovered:
D:1:      evilmike_arrival_plus, layout_basic, chequers_avenue
D:2:      layout_loops_ring, shapermc_ecumenical_altar_ellora
D:3:      layout_rooms, corexii_leaking_fountain, minmay_gold_behind_fungi,
          minmay_hedge_maze, hangedman_glass_garden
D:4:      layout_loops_ring, mainiacjoe_overflow_chevrons,
          grunt_temple_overflow_open, ebering_ghost_rock_garden,
          sigmund_edmund_badplayer, uniq_ijyb
D:5:      layout_loops_cross, uniq_prince_ribbit1
D:6:      layout_loops_corners, gammafunk_temple_overflow_pools,
          minmay_temple_entry_junction, serial_shops, shop, uniq_eustachio

Notes
Turn   | Place    | Note
-------+----------+-------------------------------------------
     0 | D:1      | demibob the Demonspawn Gladiator began the quest for the
                  | Orb.
     0 | D:1      | Reached XP level 1. HP: 16/16 MP: 1/1
    78 | D:1      | Reached skill level 3 in Polearms
   140 | D:1      | Gained mutation: You have sharp fingernails. [demonic
                  | ancestry]
   140 | D:1      | Reached XP level 2. HP: 4/22 MP: 2/2
   373 | D:1      | Reached XP level 3. HP: 25/27 MP: 3/3
   662 | D:1      | Reached skill level 4 in Polearms
  1247 | D:2      | Gained mutation: Your movements are slightly less
                  | encumbered by armour. (ER -2) [demonic ancestry]
  1247 | D:2      | Reached XP level 4. HP: 33/33 MP: 4/4
  1289 | D:2      | Found a faded altar of an unknown god.
  1767 | D:2      | Prayed at the altar of an unknown god.
  1767 | D:2      | Became a worshipper of Vehumet
  1767 | D:2      | Reached * piety under Vehumet
  1767 | D:2      | Offered knowledge of Sandblast by Vehumet.
  1770 | D:2      | Learned a level 1 spell: Sandblast
  1990 | D:3      | Reached skill level 5 in Polearms
  1990 | D:3      | Gained mutation: A weak demonic guardian rushes to your
                  | aid. [demonic ancestry]
  1990 | D:3      | Reached XP level 5. HP: 25/38 MP: 5/5
  2577 | D:4      | Reached skill level 1 in Earth Magic
  2702 | D:4      | Offered knowledge of Poisonous Vapours by Vehumet.
  2714 | D:4      | Learned a level 2 spell: Poisonous Vapours
  2735 | D:4      | Reached ** piety under Vehumet
  2796 | D:4      | Noticed Edmund
  2820 | D:4      | Noticed an ogre
  2829 | D:4      | Killed an ogre
  2830 | D:4      | Reached skill level 1 in Poison Magic
  2830 | D:4      | Gained mutation: You have very sharp fingernails. [demonic
                  | ancestry]
  2830 | D:4      | Reached XP level 6. HP: 42/44 MP: 6/6
  2951 | D:4      | Found a runed translucent gate.
  2952 | D:4      | Found a runed translucent gate.
  2955 | D:4      | Found a runed translucent gate.
  2957 | D:4      | Noticed Sleet's ghost (novice OgBe)
  2977 | D:4      | Reached skill level 6 in Polearms
  3112 | D:4      | Reached skill level 2 in Poison Magic
  3169 | D:4      | Found a snail-covered altar of Cheibriados.
  3174 | D:4      | Found a sacrificial altar of Ru.
  3242 | D:4      | Noticed Ijyb
  3247 | D:4      | Killed Ijyb
  3528 | D:4      | Noticed Sigmund
  3539 | D:4      | Killed Sigmund
  3540 | D:4      | Reached skill level 3 in Poison Magic
  3540 | D:4      | Gained mutation: Your movements are less encumbered by
                  | armour. (ER -4) [demonic ancestry]
  3540 | D:4      | Reached XP level 7. HP: 23/50 MP: 3/7
  3728 | D:5      | Entered Level 5 of the Dungeon
  3852 | D:5      | Noticed Prince Ribbit
  3882 | D:5      | Reached skill level 4 in Poison Magic
  3892 | D:5      | Killed Prince Ribbit
  3893 | D:5      | Reached skill level 7 in Polearms
  3916 | D:5      | Reached XP level 8. HP: 37/56 MP: 8/8
  4137 | D:5      | Reached skill level 5 in Poison Magic
  4728 | D:5      | Offered knowledge of Stone Arrow by Vehumet.
  5061 | D:6      | Found Bilasiroi's Book Shop.
  5065 | D:6      | Bought a book of Vapours for 312 gold pieces
  5069 | D:6      | Learned a level 3 spell: Mephitic Cloud
  5120 | D:6      | Reached skill level 1 in Air Magic
  5236 | D:6      | Reached skill level 8 in Polearms
  5245 | D:6      | Reached skill level 2 in Air Magic
  5257 | D:6      | Reached *** piety under Vehumet
  5944 | D:6      | Found a broken altar of Ashenzari.
  6007 | D:6      | HP: 1/56 [something] (15)]
  6011 | D:6      | Killed from afar by a steam dragon

Vanquished Creatures
  Prince Ribbit (D:5)
  Sigmund (D:4)
  A black bear (D:5)
  An ogre (D:4)
  2 phantoms (D:5)
  A scorpion (D:5)
  4 wights (D:6)
  A howler monkey (D:5)
  2 hounds (D:6)
  2 jellies (D:4)
  An orc priest (D:6)
  Ijyb (D:4)
  2 iguanas
  2 sleepcaps
  4 orc wizards
  A gnoll (D:1)
  10 adders
  A shadow imp (D:5)
  A white imp (D:5)
  An ufetubus (D:5)
  2 worms
  2 dart slugs
  11 orcs
  2 bats
  13 endoplasms
  3 giant cockroaches
  11 goblins
  5 hobgoblins
  12 jackals
  3 quokkas
  9 ball pythons
  4 kobolds
  4 rats
  A bush (D:3)
122 creatures vanquished.

Vanquished Creatures (collateral kills)
  An iguana (D:5)
  An orc (D:6)
2 creatures vanquished.

Vanquished Creatures (others)
  4 fungi (D:3)
  5 toadstools (D:3)
9 creatures vanquished.

Grand Total: 133 creatures vanquished

Table legend: (Time is in decaauts)
 A = Elapsed time spent in this place.
 B = Non-inter-level travel time spent in this place.
 C = Inter-level travel time spent in this place.
 D = Time resting spent in this place.
 E = Time spent auto-exploring this place.
 F = Levels seen in this place.
 G = Mean time per level.
                   A        B        C        D        E       F      G
               +--------+--------+--------+--------+--------+-----+--------+
         Total |   6021 |   5849 |    172 |    614 |   4222 |   6 | 1003.5 |
       Dungeon |   6021 |   5849 |    172 |    614 |   4222 |   6 | 1003.5 |
               +--------+--------+--------+--------+--------+-----+--------+

Top non-repeatable levels by time:
     D:6: 1163 daAuts
     D:4: 1161 daAuts
     D:5: 1109 daAuts
     D:2: 1019 daAuts
     D:1: 805 daAuts
     D:3: 761 daAuts

Table legend:
 A = Non-vault XP
 B = Vault XP
 C = Vault XP percentage of total XP
 D = Non-vault monster count
 E = Vault monster count
 F = Vault count percentage of total count
                 A         B        C        D         E       F
            +---------+---------+-------+---------+---------+-------
      Total |    1779 |     548 |  23.5 |     120 |       3 |   2.4
            +---------+---------+-------+---------+---------+-------
        D:1 |      54 |       0 |   0.0 |      21 |       0 |   0.0
        D:2 |      82 |       0 |   0.0 |      26 |       0 |   0.0
        D:3 |      80 |       0 |   0.0 |      16 |       0 |   0.0
        D:4 |     402 |     265 |  39.7 |      31 |       2 |   6.1
        D:5 |     564 |     283 |  33.4 |      10 |       1 |   9.1
        D:6 |     597 |       0 |   0.0 |      16 |       0 |   0.0
            +---------+---------+-------+---------+---------+-------
